 Dungeon Crawl Stone Soup version 0.28.0-47-ge53b351184 (webtiles) character file.

Game seed: 16332075132592312657

218 GigaChad the Slasher (level 5, -6/47 HPs)
             Began as a Minotaur Fighter on May 4, 2022.
             Was a Follower of Okawaru.
             Mangled by Menkaure (18 damage)
             ... on level 4 of the Dungeon.
             The game lasted 00:06:58 (3075 turns).

GigaChad the Slasher (Minotaur Fighter)             Turns: 3075, Time: 00:06:59

Health: -6/47      AC: 10    Str: 20    XL:     5   Next: 63%
Magic:  4/4        EV:  9    Int:  9    God:    Okawaru [*.....]
Gold:   88         SH: 10    Dex: 15    Spells: 4/4 levels left

rFire   . . .      SeeInvis .   a - +0 long sword
rCold   . . .      Faith    .   c - +0 buckler
rNeg    . . .      Spirit   .   b - +0 scale mail
rPois   .          Reflect  +   (helmet restricted)
rElec   .          Harm     .   (no cloak)
rCorr   .          Rampage  .   (no gloves)
Will    .....                   l - +2 pair of boots "Deddousch" {Int+4 Dex+3}
Stlth   ..........              e - amulet of reflection
HPRegen 0.15/turn               (no ring)
MPRegen 0.09/turn               (no ring)

@: no status effects
A: horns 2, retaliatory headbutt
a: Renounce Religion, Heroism


You were on level 4 of the Dungeon.
You worshipped Okawaru.
Okawaru was aware of your devotion.
You visited 1 branch of the dungeon, and saw 4 of its levels.

You collected 88 gold pieces.

Inventory:

Hand Weapons
 a - a +0 long sword (weapon)
 m - a +1 short sword of electrocution
 r - a +0 falchion
Missiles
 p - 6 curare-tipped darts (quivered)
 q - 6 poisoned darts
 s - 8 arrows
Armour
 b - a +0 scale mail (worn)
 c - a +0 buckler (worn)
 l - the +2 pair of boots "Deddousch" (worn) {Int+4 Dex+3}
   (You found it on level 2 of the Dungeon)

   Int:       It affects your intelligence (+4).
   Dex:       It affects your dexterity (+3).
Magical Staves
 k - a staff of fire
Jewellery
 e - an amulet of reflection (around neck)
Wands
 n - a wand of charming (9)
Scrolls
 f - a scroll of teleportation
 o - a scroll of noise
Potions
 d - a potion of might
 g - a potion of degeneration {unknown}
 h - a potion of curing
 i - a potion of mutation {unknown}
 j - a potion of attraction {unknown}


   Skills:
 + Level 4.4 Fighting
 + Level 5.0 Long Blades
 + Level 4.9 Armour
 + Level 1.1 Dodging
 + Level 4.3 Shields


You had 4 spell levels left.
You didn't know any spells.
Your spell library contained the following spells:

 Spells                   Type           Power      Damage    Failure   Level
 Slow                     Hex            0%         N/A       82%         1
 Confusing Touch          Hex            0%         N/A       99%         3
 Vampiric Draining        Necr           0%         2d6       99%         3


Dungeon Overview and Level Annotations

Branches:
Dungeon (4/15)
 Temple: D:4-7

Altars:
Okawaru

Shops:
D:3 *

Annotations:
D:4 Menkaure


Innate Abilities, Weirdness & Mutations

You have a pair of horns on your head.
You reflexively headbutt those who attack you in melee.


Message History

There is an open door here.
There is an escape hatch in the floor here.
You slide downwards.
The hatch slams shut behind you.
Found 8 arrows.
Found 9 gold pieces.
Found a stone staircase leading up.
You see here 8 arrows.
s - 8 arrows An orc comes into view. It is wielding a +0 trident.
The orc shouts!
A quokka comes into view.
An orc comes into view. It is wielding a +0 falchion.
An orc comes into view. It is wielding a +0 whip.
The orc shouts!
You hear a shout!
Menkaure, Prince of Dust comes into view.
You block the quokka's attack.
You barely miss the quokka. Your headbutt misses the quokka.
The quokka barely misses you. The orc barely misses you.
A goblin comes into view. It is wielding a +0 dagger.
The quokka bites you but does no damage.
You closely miss the quokka. The orc completely misses you.
The quokka barely misses you. You furiously retaliate!
You headbutt the quokka!
You kill the quokka!
Okawaru accepts your kill.
Menkaure gestures at you while chanting.
Pain shoots through your body!
A hobgoblin comes into view.
Unknown command.
Menkaure mumbles some strange words.
Menkaure seems to speed up.
Menkaure calls on the powers of darkness!
The orc convulses!
The goblin convulses!
Your body is wracked with pain!
The orc convulses! x2
You barely miss Menkaure. You headbutt Menkaure.
Menkaure is lightly damaged.
Menkaure hits you!
* * * LOW HITPOINT WARNING * * *
An orc comes into view. It is wielding a +0 war axe.
Menkaure hits you!!
You die...

.... #........###≈≈≈≈≈.
.....#...........≈###≈...
.....#........###≈# ...
##...#........###≈#+# ..
.................≈≈.≈ .
..................#..
.....................
...........o......#
..o...o...†o.@....#
........g..o.M....#
....g.............#
......#+#..$......#
...... ###<........
...... #####...... ......
...... ##### ......


You could see Menkaure (fast), 4 orcs and a goblin.

Vanquished Creatures
  An orc priest (D:3)
  3 orc wizards
  2 adders (D:2)
  A worm (D:2)
  3 dart slugs
  11 orcs
  3 bats (D:1)
  6 endoplasms
  A giant cockroach (D:2)
  5 goblins
  8 hobgoblins
  9 jackals
  3 kobolds
  5 quokkas
  3 ball pythons (D:1)
  2 frilled lizards
  5 rats
71 creatures vanquished.

Vanquished Creatures (others)
  A dart slug (D:1)
1 creature vanquished.

Grand Total: 72 creatures vanquished

Notes
Turn   | Place    | Note
-------+----------+-------------------------------------------
     0 | D:1      | GigaChad the Minotaur Fighter began the quest for the Orb.
     0 | D:1      | Reached XP level 1. HP: 19/19 MP: 0/0
   142 | D:1      | Reached XP level 2. HP: 25/27 MP: 1/1
   540 | D:1      | Reached XP level 3. HP: 30/33 MP: 2/2
   640 | D:2      | Identified the +2 pair of boots "Deddousch" {Int+4 Dex+3}
   651 | D:2      | Reached skill level 3 in Long Blades
  1045 | D:2      | Reached XP level 4. HP: 30/40 MP: 3/3
  1683 | D:3      | Found a faded altar of an unknown god.
  1691 | D:3      | Found Mamef's Assorted Antiques.
  1738 | D:3      | Prayed at the altar of an unknown god.
  1738 | D:3      | Became a worshipper of Warmaster Okawaru
  1738 | D:3      | Reached * piety under Okawaru
  1868 | D:3      | Reached skill level 4 in Long Blades
  1885 | D:3      | Reached skill level 1 in Dodging
  1885 | D:3      | Reached XP level 5. HP: 34/47 MP: 4/4
  2280 | D:3      | Reached skill level 5 in Long Blades
  3067 | D:4      | Noticed Menkaure
  3075 | D:4      | Mangled by Menkaure

Illustrated notes

Levels and vault maps discovered:
D:1:      dpeg_arrival_simpleton_c, layout_basic
D:2:      layout_rooms, serial_shops, shop
D:3:      layout_basic, dreamdust_ecumenical_altar_statues, serial_shops, shop,
          kennysheep_flooded_box
D:4:      layout_basic, serial_shops, kennysheep_mini_moat,
          nicolae_elemental_shop, uniq_menkaure

Skill      XL: |  1  2  3  4  5 |
---------------+----------------+-----
Fighting       | 4 |  4.4
Armour         | 4 |  4.9
Shields        | 4 |  4.3
Long Blades    | 3 4 5 |  5.0
Dodging        | 1 |  1.1

Action                   |  1- 3 |  4- 6 || total
-------------------------+-------+-------++-------
Melee: Long sword        |    77 |    81 ||   158
       Headbutt          |    13 |     8 ||    21
  Use: Scroll            |     2 |     1 ||     3
Armor: Scale mail        |    53 |    47 ||   100
Dodge: Dodged            |    50 |    30 ||    80
Block: Buckler           |    17 |    39 ||    56
       Reflection        |       |     2 ||     2
